 Dungeon Crawl Stone Soup version 0.24.0-1-gfbc8707 (webtiles) character file.

Game seed: 9422768699908950973, levelgen mode: deterministic

2747 Dharzhak the Cleaver (level 9, -1/78 HPs)
             Began as a Minotaur Fighter on Oct 27, 2019.
             Was an Initiate of Gozag.
             Slain by Joseph
             ... wielding a +0 quarterstaff of protection
              (5 damage)
             ... while petrified by Psyche
             ... on level 8 of the Dungeon on Oct 28, 2019.
             The game lasted 00:20:00 (6790 turns).

Dharzhak the Cleaver (Minotaur Fighter)             Turns: 6790, Time: 00:20:01

Health: -1/78      AC: 13    Str: 24    XL:     9   Next: 41%
Magic:  10/10      EV:  2    Int:  5    God:    Gozag
Gold:   568        SH:  0    Dex: 10    Spells: 8/8 levels left

rFire    . . .     SeeInvis +   a - +0 war axe
rCold    . . .     Gourm    .   b - +0 shield (curse)
rNeg     + + +     Faith    .   n - +0 chain mail
rPois    ∞         Spirit   .   E - +2 hat
rElec    .         Reflect  .   (no cloak)
rCorr    .         Harm     .   (no gloves)
MR       .....                  H - +0 pair of boots
Stlth    ..........             q - amulet of rage
HPRegen  0.23/turn              m - ring of see invisible
MPRegen  0.12/turn              B - ring of positive energy

@: lethally poisoned (-1 -> -1), petrified, hasted
A: retaliatory headbutt, horns 2
a: Potion Petition, Call Merchant, Bribe Branch, Renounce Religion, Evoke
Berserk Rage


You were on level 8 of the Dungeon.
You worshipped Gozag.
Gozag was pleased with you.
You were hungry.

You visited 2 branches of the dungeon, and saw 9 of its levels.

You collected 671 gold pieces.
You paid 103 gold pieces to Gozag.

Inventory:

Hand Weapons
 a - a +0 war axe (weapon)
 u - a +3 flail of protection
 A - a +0 hand axe of draining
Missiles
 y - 47 stones (quivered)
 D - 3 atropa-tipped darts
Armour
 b - a cursed +0 shield (worn)
 n - a +0 chain mail (worn)
 w - a +1 hat of intelligence
 E - a +2 hat (worn)
 H - a +0 pair of boots (worn)
Jewellery
 m - a ring of see invisible (left hand)
 q - an amulet of rage (around neck)
 B - a ring of positive energy (right hand)
Wands
 c - a wand of iceblast (6)
Scrolls
 e - a scroll of immolation {unknown}
 g - 2 scrolls of amnesia {unknown}
 h - a scroll of enchant weapon {unknown}
 l - 3 scrolls of remove curse {unknown}
 o - 3 scrolls of identify
 p - a scroll of fog {unknown}
 r - 3 scrolls of magic mapping {unknown}
 s - a scroll of enchant armour {unknown}
 t - a scroll of fear {unknown}
 v - 4 scrolls of teleportation {unknown}
 C - a scroll of blinking {unknown}
 F - a scroll of vulnerability {unknown}
Potions
 d - a potion of might
 i - a potion of lignification
 j - a potion of invisibility
 k - 3 potions of mutation
 x - 2 potions of brilliance
 z - a potion of cancellation
Comestibles
 f - 11 rations


   Skills:
 * Level 6.4 Fighting
 * Level 9.5 Axes
 + Level 1.0 Throwing
 * Level 7.3 Armour
 * Level 4.5 Dodging
 * Level 6.8 Shields
 * Level 3.4 Evocations


You had 8 spell levels left.
You didn't know any spells.
Your spell library contained the following spells:

 Spells                   Type           Power        Failure   Level  Hunger
 Beastly Appendage        Tmut           #.....       100%        1    ##.....
 Sandblast                Erth           #.....       100%        1    ##.....
 Passwall                 Tmut/Erth      #.......     100%        2    ###....
 Sticks to Snakes         Tmut           #.......     100%        2    ###....
 Spider Form              Tmut/Pois      #.........   100%        3    ####...
 Stone Arrow              Conj/Erth      #.....       100%        3    ####...
 Ice Form                 Ice/Tmut       #.......     100%        4    #####..
 Petrify                  Tmut/Erth      #.......     100%        4    #####..
 Blade Hands              Tmut           #.........   100%        5    ######.
 Lee's Rapid Deconstruct  Erth           #.........   100%        5    ######.


Dungeon Overview and Level Annotations

Branches:
Dungeon (8/15)             Temple (1/1) D:6
   Lair: D:8-11

Altars:
Ashenzari
Cheibriados
Dithmenos
Elyvilon
Fedhas
Gozag
Hepliaklqana
Kikubaaqudgha
Makhleb
Okawaru
Qazlal
Ru
Sif Muna
Trog
Uskayaw
Wu Jian
Xom
Yredelemnul
Zin
The Shining One

Annotations:
D:8 Joseph, Psyche


Innate Abilities, Weirdness & Mutations

You reflexively headbutt those who attack you in melee.
You have a pair of horns on your head.


Message History

You closely miss Joseph. Psyche hits you but does no damage. x2
Joseph hits you with a +0 quarterstaff of protection!
* * * LOW HITPOINT WARNING * * *
Psyche hits you but does no damage.
You are electrocuted!
* * * LOW HITPOINT WARNING * * *
Joseph hits you but does no damage.
You have turned to stone.
Psyche looks encouraged for a moment.
Psyche hits you but does no damage. Joseph hits you but does no damage.
Psyche hits you but does no damage. x2; You feel yourself speed up.
Joseph hits you with a +0 quarterstaff of protection!
* * * LOW HITPOINT WARNING * * *
Psyche hits you but does no damage. x2
Psyche barely misses you. Joseph barely misses you.
Psyche hits you but does no damage. Psyche gestures at you while chanting.
The magic dart hits you.
* * * LOW HITPOINT WARNING * * *
Joseph hits you with a +0 quarterstaff of protection!
You die...
Your body crumbles into a pile of gold.

...###.......#.........
...# #................#
.... #.##.............#
........#.#..........##
....... ###..##.......#
....# #..##........ .>.
#.###.##.#..# ..#
#$$#.# ## ... #.@@.#
.......$@$......
.......(.......
......##....... .$....
...##.. ...... ...# . $
...... .... ..... .#...


You could see Joseph and Psyche (invisible).

Vanquished Creatures
  Pikel (D:4)
  Grinder (D:5)
  A hungry ghost (D:7)
  An orc warrior (D:7)
  An ice beast (D:6)
  2 ogres
  2 necrophages
  3 centaurs
  2 bullfrogs
  A scorpion (D:8)
  A crimson imp (D:6)
  4 hounds
  A bullfrog skeleton (D:5)
  2 jellies (D:7)
  3 orc priests
  Ijyb (D:3)
  3 iguanas
  5 orc wizards
  2 worker ants
  4 hound skeletons
  Robin (D:2)
  A worker ant zombie (D:5)
  9 adders
  10 gnolls
  A shadow imp (D:7)
  An adder skeleton (D:5)
  A worm (D:3)
  4 dart slugs
  4 leopard geckos
  16 orcs
  3 ball pythons
  6 bats
  4 giant cockroaches
  10 goblins
  7 hobgoblins
  22 jackals
  3 quokkas
  4 frilled lizards
  2 jackal skeletons (D:6)
  5 kobolds
  A leopard gecko zombie (D:8)
  2 quokka skeletons (D:5)
  12 rats
170 creatures vanquished.

Vanquished Creatures (others)
  A slave (D:4)
  Blork the orc (D:4)
  4 jackals (D:4)
  A frilled lizard (D:4)
7 creatures vanquished.

Grand Total: 177 creatures vanquished

Notes
Turn   | Place    | Note
-------+----------+-------------------------------------------
     0 | D:1      | Dharzhak the Minotaur Fighter began the quest for the Orb.
     0 | D:1      | Reached XP level 1. HP: 19/19 MP: 0/0
   310 | D:1      | Reached XP level 2. HP: 27/27 MP: 1/1
   955 | D:2      | Reached XP level 3. HP: 31/33 MP: 2/2
  1008 | D:2      | Noticed Robin
  1024 | D:2      | Killed Robin
  1024 | D:2      | Reached skill level 3 in Axes
  1024 | D:2      | Reached skill level 1 in Dodging
  1058 | D:2      | Reached XP level 4. HP: 32/40 MP: 3/3
  1178 | D:2      | Found a hide-covered altar of Uskayaw.
  1647 | D:2      | Found a sacrificial altar of Ru.
  1933 | D:3      | Noticed Ijyb
  1939 | D:3      | Killed Ijyb
  2108 | D:3      | Reached XP level 5. HP: 39/47 MP: 4/4
  2245 | D:3      | Reached skill level 4 in Axes
  2375 | D:3      | Found a white marble altar of Elyvilon.
  2396 | D:3      | Found an ornate altar of the Wu Jian Council.
  2585 | D:4      | Reached XP level 6. HP: 42/53 MP: 5/5
  2588 | D:4      | Reached skill level 5 in Shields
  2685 | D:4      | Reached skill level 5 in Axes
  2692 | D:4      | Reached skill level 1 in Evocations
  2766 | D:4      | Noticed Pikel
  2766 | D:4      | Noticed a slave
  2766 | D:4      | Noticed a slave
  2767 | D:4      | Noticed a slave
  2769 | D:4      | Noticed a slave
  2771 | D:4      | Noticed Blork the orc
  2780 | D:4      | Killed Pikel
  2780 | D:4      | Reached skill level 5 in Fighting
  2780 | D:4      | Reached skill level 6 in Axes
  2780 | D:4      | Reached skill level 5 in Armour
  2780 | D:4      | Reached XP level 7. HP: 36/61 MP: 5/7
  2801 | D:4      | Killed Blork the orc
  3132 | D:4      | Reached skill level 7 in Axes
  3605 | D:5      | Entered Level 5 of the Dungeon
  3681 | D:5      | Reached XP level 8. HP: 66/68 MP: 8/8
  3785 | D:5      | Found a shattered altar of Ashenzari.
  4350 | D:5      | Noticed Grinder
  4355 | D:5      | Paralysed by Grinder for 4 turns
  4363 | D:5      | Paralysed by Grinder for 4 turns
  4372 | D:5      | Killed Grinder
  4686 | D:6      | Reached skill level 8 in Axes
  4770 | D:6      | Found a staircase to the Ecumenical Temple.
  4819 | Temple   | Entered the Ecumenical Temple
  4829 | Temple   | Became a worshipper of Gozag Ym Sagoz the Greedy
  5128 | D:6      | Found an ancient bone altar of Kikubaaqudgha.
  5546 | D:7      | Reached XP level 9. HP: 58/75 MP: 10/10
  5553 | D:7      | Reached skill level 9 in Axes
  5768 | D:7      | Reached skill level 1 in Throwing
  6761 | D:8      | Noticed Joseph
  6771 | D:8      | Noticed Psyche
  6790 | D:8      | Slain by Joseph

Levels and vault maps discovered:
D:1:      scummos_arrival_simple_crosswalls, layout_loops_cross
D:2:      layout_loops_corners, nicolae_ru_path_of_blood,
          eat_drink_and_be_merry_uskayaw, uniq_robin
D:3:      layout_rooms, nicolae_overflow_crystal_walls, lemuel_crystal_altar,
          uniq_ijyb
D:4:      layout_loops_cross, first_ration, uniq_pikel, uniq_blork_the_orc
D:5:      layout_gridville, cheibrodos_ashenzari_chains, uniq_grinder
D:6:      layout_cave_pools, minmay_temple_entry_tees, basic_altar
D:7:      layout_basic, st_stairs_8
D:8:      layout_cave_pools, gammafunk_temple_overflow_pools, grunt_ogre_cave,
          uniq_joseph, uniq_psyche
Temple:   regret_index_temple_waves

Skill      XL: |  1  2  3  4  5  6  7  8  9 |
---------------+----------------------------+-----
Fighting       | 4 5 6 |  6.4
Shields        | 4 5 6 |  6.8
Armour         | 4 5 6 7 |  7.3
Axes           | 3 4 6 7 8 9 |  9.5
Dodging        | 1 2 3 4 |  4.5
Evocations     | 1 2 3 |  3.4
Throwing       | 1 |  1.0

Action                   |  1- 3 |  4- 6 |  7- 9 || total
-------------------------+-------+-------+-------++-------
Melee: War axe           |    93 |   111 |   224 ||   428
       Headbutt          |     8 |    17 |    30 ||    55
Throw: Boomerang         |       |       |    21 ||    21
       Dart              |       |       |     3 ||     3
Evoke: Wand              |       |    12 |    10 ||    22
  Use: Scroll            |     3 |     4 |     3 ||    10
       Potion            |       |       |     4 ||     4
 Stab: Distracted        |       |       |     1 ||     1
  Eat: Chunk             |       |     6 |     4 ||    10
       Ration            |       |       |     3 ||     3
Armor: Scale mail        |    17 |       |       ||    17
       Chain mail        |    42 |    64 |   104 ||   210
Dodge: Dodged            |    32 |    46 |    65 ||   143
Block: Shield            |    67 |    65 |   123 ||   255
